 Dungeon Crawl Stone Soup version 0.13-a0-3016-gcb2faac (webtiles) character file.

1577 Misa the Firebug (level 8, -1/79 HPs)
             Began as a Djinni Fire Elementalist on Sept 11, 2013.
             Slain by Duskembrace's ghost (19 damage)
             ... on Level 6 of the Dungeon.
             The game lasted 00:37:07 (10181 turns).

Misa the Firebug (Djinni Fire Elementalist)        Turns: 10181, Time: 00:37:07

HP  -1/79        AC  3     Str  9      XL: 8   Next: 39%
MP   0/0         EV 10     Int 17      God:
Gold 204         SH  8     Dex 18      Spells:  3 memorised, 10 levels left

Res.Fire  : + + +   See Invis. : .   y - +3,+1 elf dagger (venom)
Res.Cold  : x . .   Warding    : .   x - +0 leather armour
Life Prot.: + + +   Conserve   : .   B - +0 buckler
Res.Poison: .       Res.Corr.  : .   (no helmet)
Res.Elec. : .       Clarity    : .   (no cloak)
Sust.Abil.: . .     Spirit.Shd : .   (no gloves)
Res.Mut.  : .       Stasis     : .   (boots unavailable)
Res.Rott. : .       Flight     : .   q - amulet of rage
Saprovore : . . .                    w - ring of magical power
                                     d - +4 ring of dexterity

@: slightly resistant to hostile enchantments, unstealthy
A: fire immunity, cold vulnerability, life protection 3
a: Evoke Berserk Rage


You were on level 6 of the Dungeon.
You were not hungry.

You visited 1 branch of the dungeon, and saw 6 of its levels.

You collected 184 gold pieces.

Inventory:

Hand weapons
 k - a +3,+1 elven short sword
 m - a cursed -2,+0 orcish hand axe
 n - a cursed -2,+0 orcish hand axe
 o - a cursed -2,+0 orcish hand axe
 t - a +3,+2 dwarven short sword
 v - a +4,+3 flail of holy wrath
 y - a +3,+1 elven dagger of venom (weapon)
Missiles
 i - 21 darts (quivered)
 p - 3 darts of frost
Armour
 a - a +1 robe
 x - a +0 leather armour (worn)
 B - a +0 buckler (worn)
Scrolls
 c - 2 scrolls of fog
 e - a scroll of remove curse
 g - 3 scrolls of identify
 h - 3 scrolls of enchant armour
 j - 3 scrolls of magic mapping
Jewellery
 d - a +4 ring of dexterity (left hand)
 q - an amulet of rage (around neck)
 w - a ring of magical power (right hand)
Potions
 r - a potion of flight {unknown}
 s - a potion of resistance {unknown}
 u - a potion of magic {unknown}
 z - a potion of curing
Books
 b - a book of Flames

   Spells                             Type                      Level
   *Flame Tongue                      Conjuration/Fire             1
   Throw Flame                        Conjuration/Fire             2
   *Conjure Flame                     Conjuration/Fire             3
   Inner Flame                        Hexes/Fire                   3
   *Sticky Flame                      Conjuration/Fire             4
   Fireball                           Conjuration/Fire             5


   Skills:
 + Level 4.3 Fighting
 - Level 1.7 Dodging
 - Level 1.5 Stealth
 + Level 5.6 Spellcasting
 + Level 5.7 Conjurations
 + Level 7.9 Fire Magic


You had 10 spell levels left.
You knew the following spells:

 Your Spells              Type           Power        Failure   Level  Hunger
a - Flame Tongue          Conj/Fire      ####.        1%          1    None
b - Sticky Flame          Conj/Fire      ####....     17%         4    ####...
c - Conjure Flame         Conj/Fire      ####....     6%          3    ###....


Dungeon Overview and Level Annotations

Branches:
Dungeon (6/27)
 Temple: D:4-7          Orc: D:6-11

Altars:

Annotations:
D:5 exclusion: centaur
D:6 Duskembrace's ghost, experienced OgHu


Innate Abilities, Weirdness & Mutations

You are immune to all types of fire, even holy and hellish.
You are vulnerable to cold.
You need no food.
You have no legs.
You are immune to negative energy.


Message History

You see here a bread ration.
Duskembrace's ghost (experienced Ogre Hunter) comes into view.
Duskembrace's ghost turns its malevolent gaze towards you.
Duskembrace's ghost hits you!
An adder comes into view.
Read which item? (? for menu, Esc to quit)
As you read the scroll labeled CRUZIWN ADASA, it crumbles to dust.
Use on which item? (\ to view known items) (? for menu, Esc to quit)
Nothing appears to happen.
Duskembrace's ghost barely misses you.
Read which item? (? for menu, Esc to quit)
As you read the scroll labeled WAHUEN SMULIUTO, it crumbles to dust.
You hear a loud clanging noise!
It was a scroll of noise.
The adder bites you. Duskembrace's ghost hits you! The adder bites you.
* * * LOW HITPOINT WARNING * * *
Drink which item? (? for menu, Esc to quit)
You feel refreshed.
It was a potion of restore abilities.
The adder bites you.
* * * LOW HITPOINT WARNING * * *
Duskembrace's ghost hits you!
You die...

######.........##.####.#.....#...
).))..o..)%......................
##############.####....#.###.....
#....o...#.##.#.# #.####
#........#.#<...# #.#..[
#........#....#####.#.##
#######.###.......#.#.## #p#
#.#.#.###.#..# #@# #.#.#.# #.##.#
#S# #.#.#.# #.##.# #.# #...#.#
#.#... #######.#######.# #.#...
.................# #.#...
...........###### #.#...
...........# ###.#<..
#######....# #(...... #....#
#.#.#...


You could see an orc warrior, Duskembrace's ghost and an adder.

Vanquished Creatures
  Edmund (D:3)
  A phantom (D:5)
  4 ogres
  A centaur (D:6)
  3 orc priests
  2 hounds
  2 jellies
  An iguana (D:4)
  3 orc wizards
  5 worker ants
  Ijyb (D:1)
  A sky beast zombie (D:5)
  Terence (D:1)
  6 gnolls
  9 adders
  3 worms
  An ooze (D:5)
  18 orcs
  2 ball pythons (D:4)
  9 bats
  6 giant cockroaches
  17 hobgoblins
  14 kobolds
  3 quokkas
  10 giant newts
  9 goblins
  A hobgoblin skeleton (D:6)
  8 jackals
  8 rats
  2 plants (D:3)
152 creatures vanquished.

Notes
Turn   | Place    | Note
--------------------------------------------------------------
     0 | D:1      | Misa, the Djinni Fire Elementalist, began the quest for the Orb.
     0 | D:1      | Reached XP level 1. HP: 14/14 MP: 0/0
   352 | D:1      | Reached XP level 2. EP: 12/21
   650 | D:2      | Noticed Terence
  1343 | D:2      | Noticed Ijyb
  1387 | D:2      | HP: 1/21 [Ijyb/dagger (5)]
  1423 | D:1      | HP: 1/21 [giant newt (2)]
  1571 | D:1      | Killed Ijyb
  1571 | D:1      | Reached skill level 1 in Fighting
  1571 | D:1      | Reached XP level 3. EP: 13/27
  2053 | D:1      | Killed Terence
  2187 | D:2      | Reached XP level 4. EP: 24/35
  2917 | D:3      | Reached skill level 5 in Fire Magic
  3001 | D:3      | Learned a level 4 spell: Sticky Flame
  3667 | D:3      | Reached XP level 5. EP: 10/42
  3775 | D:3      | Learned a level 3 spell: Conjure Flame
  5053 | D:4      | Noticed Edmund
  5924 | D:3      | Killed Edmund
  5924 | D:3      | Reached XP level 6. EP: 31/50
  6750 | D:4      | Noticed an ogre
  6774 | D:4      | Killed an ogre
  6774 | D:4      | Reached skill level 6 in Fire Magic
  6990 | D:5      | Entered Level 5 of the Dungeon
  7125 | D:4      | Reached XP level 7. EP: 56/59
  8207 | D:5      | Reached skill level 5 in Conjurations
  8303 | D:5      | Reached skill level 7 in Fire Magic
  8902 | D:5      | Reached skill level 5 in Spellcasting
  8902 | D:5      | Reached XP level 8. EP: 49/69
 10170 | D:6      | Noticed Duskembrace's ghost (experienced OgHu)
 10181 | D:6      | Slain by Duskembrace's ghost

Action                   |  1- 3 |  4- 6 |  7- 9 || total
-------------------------+-------+-------+-------++-------
Melee: Dagger            |   103 |       |    46 ||   149
       Short sword       |     6 |   216 |       ||   222
       Flail             |       |    24 |    18 ||    42
Throw: Dart              |       |     1 |       ||     1
 Cast: Flame Tongue      |    48 |    58 |    56 ||   162
       Sticky Flame      |       |    12 |    22 ||    34
       Conjure Flame     |       |     3 |     4 ||     7
  Use: Potion            |     1 |       |     2 ||     3
       Scroll            |       |     7 |     6 ||    13
 Stab: Sleeping          |       |     3 |       ||     3
